 Dungeon Crawl Stone Soup version 0.28.0-43-g3370ac3207 (webtiles) character file.

Game seed: 10768743847618898706

12518 sking99 the Grappler (level 11, -1/101 HPs)
             Began as a Black Draconian Transmuter on Mar 14, 2022.
             Was a High Priest of Okawaru.
             Slain by Snorg (8 damage)
             ... on level 10 of the Dungeon.
             The game lasted 00:29:47 (14191 turns).

sking99 the Grappler (Black Draconian Transmuter)  Turns: 14191, Time: 00:29:47

Health: -1/101     AC: 15    Str: 13    XL:     11   Next: 63%
Magic:  0/15       EV: 13    Int: 17    God:    Okawaru [*****.]
Gold:   434        SH:  0    Dex:  8    Spells: 6/16 levels left

rFire   . . .      SeeInvis .     - Unarmed
rCold   . . .      Faith    .   (no shield)
rNeg    + . .      Spirit   +   (armour unavailable)
rPois   .          Reflect  .   (helmet restricted)
rElec   +          Harm     .   w - +2 cloak
rCorr   .          Rampage  .   r - +1 pair of gloves of the Cockroach {+Inv Dex-4 Slay+6}
Will    .....                   t - +2 pair of boots
Stlth   +.........              a - amulet of guardian spirit
HPRegen 0.26/turn               u - ring of positive energy
MPRegen 0.14/turn               (no ring)

@: about to teleport
A: breathe lightning, AC +7, unfitting armour, electricity resistance,
cold-blooded
a: Breathe Lightning, Renounce Religion, Evoke Invisibility, Heroism, Finesse,
Duel


You were on level 10 of the Dungeon.
You worshipped Okawaru.
Okawaru was extremely pleased with you.
You visited 2 branches of the dungeon, and saw 11 of its levels.
You also visited: Ossuary.

You collected 434 gold pieces.

Inventory:

Armour
 r - the +1 pair of gloves of the Cockroach (worn) {+Inv Dex-4 Slay+6}
   (You found it on level 7 of the Dungeon)

   Dex:       It affects your dexterity (-4).
   Slay:      It affects your accuracy & damage with ranged weapons and melee
   (+6).
   +Inv:      It lets you turn invisible.
 t - a +2 pair of boots (worn)
 w - a +2 cloak (worn)
Jewellery
 a - an amulet of guardian spirit (around neck)
 b - a ring of fire
 n - a ring of resist corrosion
 p - a ring of positive energy
 u - a ring of positive energy (left hand)
 x - a ring of ice
 z - an amulet of magic regeneration
 B - a +4 ring of protection
 C - an amulet of the acrobat
 E - a ring of wizardry
 H - a ring of wizardry
Wands
 j - a wand of paralysis (11)
 v - a wand of iceblast (9)
 A - a wand of flame (11)
 G - a wand of polymorph (2)
Scrolls
 c - a scroll of vulnerability
 k - 4 scrolls of teleportation
 l - a scroll of blinking
 m - 3 scrolls of immolation
 y - 2 scrolls of identify
Potions
 d - a potion of heal wounds
 e - 3 potions of flight {unknown}
 f - a potion of haste
 g - 3 potions of brilliance
 h - a potion of lignification {unknown}
 i - a potion of curing
 o - 2 potions of magic
 q - 2 potions of degeneration
 s - 3 potions of might
 D - a potion of mutation {unknown}
 F - a potion of attraction {unknown}


   Skills:
 + Level 10.4 Fighting
 - Level 6.0 Dodging
 * Level 12.2 Unarmed Combat
 - Level 3.0 Spellcasting
 - Level 7.0 Transmutations
 - Level 4.0 Ice Magic
 - Level 2.0 Poison Magic
 + Level 3.5 Invocations


You had 6 spell levels left.
You knew the following spells:

 Your Spells              Type           Power      Damage    Failure   Level
a - Beastly Appendage     Tmut           52%        N/A       1%          1
b - Wereblood             Tmut           26%        N/A       1%          2
c - Spider Form           Tmut/Pois      17%        N/A       9%          3
d - Ice Form              Ice/Tmut       21%        N/A       19%         4

Your spell library contained the following spells:

 Spells                   Type           Power      Damage    Failure   Level
 Static Discharge         Conj/Air       2%         N/A       26%         2
 Dispel Undead            Necr           2%         3d7       86%         4
 Sticky Flame             Conj/Fire      2%         2d3       86%         4


Dungeon Overview and Level Annotations

Branches:
Dungeon (10/15)            Temple (1/1) D:4            Lair (0/6) D:9
Ossuary (visited)
    Orc: D:9-12

Altars:
Ashenzari
Cheibriados
Dithmenos
Elyvilon
Fedhas
Gozag
Hepliaklqana
Kikubaaqudgha
Makhleb
Nemelex Xobeh
Okawaru
Qazlal
Ru
Sif Muna
Trog
Uskayaw
Vehumet
Wu Jian
Xom
Yredelemnul
Zin
The Shining One

Shops:
D:1 (   D:6 :   D:8 :*   D:10 *

Annotations:
D:10 Snorg


Innate Abilities, Weirdness & Mutations

You can breathe wild blasts of lightning.
Your glossy black scales are hard. (AC +7)
You cannot fit into any form of body armour.
You are resistant to electric shocks. (rElec)
You are cold-blooded and may be slowed by cold attacks.


Message History

You feel like a meek peon again.
You pummel the yak!! You freeze the yak.
The yak is almost dead.
The yak closely misses you.
You punch the yak! You freeze the yak.
You feel a bit better.
You kill the yak!
Okawaru accepts your kill.
You start resting.
Your primal bloodlust has ended.
Snorg the Insatiable comes into view.
Snorg goes berserk!
You barely miss Snorg. Snorg bites you!!
* * * LOW HITPOINT WARNING * * *
Snorg claws you but does no damage. Snorg barely misses you. Snorg bites you.
* * * LOW HITPOINT WARNING * * *
Snorg claws you but does no damage. Snorg misses you.
You punch Snorg! You freeze Snorg.
Snorg is lightly wounded.
Your transformation is almost over.
Snorg bites you!
* * * LOW HITPOINT WARNING * * *
Snorg misses you. Snorg claws you!!
* * * LOW HITPOINT WARNING * * *
Okay, then.
Blink to where?
Press: ? - help, Dir - move target
As you read the scroll of blinking, it crumbles to dust.
There is an open door here.
Snorg rages.
You warm up again.
Your +2 cloak unmelds from your body.
The +1 pair of gloves of the Cockroach {+Inv Dex-4 Slay+6} unmelds from your body.
Your +2 pair of boots unmelds from your body.
As you read the scroll of teleportation, it crumbles to dust.
You feel strangely unstable. Snorg barely misses you. Snorg claws you!
* * * LOW HITPOINT WARNING * * *
Snorg closely misses you.
You feel better. Snorg closely misses you. Snorg claws you but does no damage.
Snorg claws you!
You die...

.......# #########.# #.....
.(.....###.#.#.#.#'### #.....
.....................# #.....
..<....#.#.......#...# ####.....
.....>.#<............# #........
.......#.#..>....#...####.##(....
.......#.............#....##.....
.......###......T#...'.#####.....
#########.......@....### #.....
##)#.#.#.##### ###### #.######.#
# #.####...# # ##### #......### #
....# ####'######### #
....#####............# #
....#...'...>.......)# #
......###............# #


You could see Snorg (berserk).

Vanquished Creatures
  3 death yaks (D:9)
  2 two-headed ogres
  A skeletal warrior (D:8)
  A gargoyle (D:10)
  A kobold demonologist (D:10)
  A troll (D:10)
  A hornet (D:8)
  Grinder (D:3)
  Prince Ribbit (D:9)
  A wraith (D:10)
  A shadow (D:10)
  A wyvern (D:9)
  13 yaks
  2 steam dragons
  2 water moccasins
  4 ice beasts
  4 orc warriors
  A necrophage (D:5)
  3 black bears
  4 sky beasts
  2 centaurs
  2 ogres
  A phantom (D:6)
  3 bullfrogs
  2 elf zombies (Ossuary)
  A kobold brigand (D:9)
  A scorpion (D:6)
  12 killer bees
  2 jellies
  12 wights
  3 howler monkeys
  An electric eel (D:7)
  A human zombie (Ossuary)
  4 centaur zombies
  A hound (D:5)
  Crazy Yiuf (D:7)
  A bullfrog zombie (D:6)
  5 orc priests
  2 bullfrog skeletons (D:6)
  An iron imp (D:7)
  3 iguanas
  2 orc wizards
  A hell rat (D:9)
  A killer bee zombie (D:8)
  A hound skeleton (D:5)
  A howler monkey skeleton (D:6)
  2 mummies (Ossuary)
  8 adders
  A river rat (D:9)
  2 adder skeletons (D:4)
  2 adder zombies (Ossuary)
  5 worms
  2 dart slugs
  20 orcs
  10 ball pythons
  10 endoplasms
  2 giant cockroaches
  9 goblins
  5 hobgoblins
  5 jackals
  10 kobolds
  11 quokkas
  12 bats
  A frilled lizard (D:1)
  6 hobgoblin zombies (Ossuary)
  4 jackal zombies (Ossuary)
  8 kobold zombies (Ossuary)
  11 orc zombies (Ossuary)
  24 rats
  A rat zombie (Ossuary)
286 creatures vanquished.

Vanquished Creatures (others)
  An unseen horror (D:10)
  2 orcs (D:7)
3 creatures vanquished.

Grand Total: 289 creatures vanquished

Notes
Turn   | Place    | Note
-------+----------+-------------------------------------------
     0 | D:1      | sking99 the Draconian Transmuter began the quest for the
                  | Orb.
     0 | D:1      | Reached XP level 1. HP: 16/16 MP: 3/3
    78 | D:1      | Found Nehez's Weapon Boutique.
   239 | D:1      | Reached XP level 2. HP: 21/23 MP: 3/5
   428 | D:1      | Reached XP level 3. HP: 16/29 MP: 6/6
   567 | D:1      | Learned a level 2 spell: Wereblood
   571 | D:1      | Learned a level 3 spell: Spider Form
  1804 | D:2      | Reached XP level 4. HP: 36/36 MP: 5/7
  1805 | D:2      | Found a faded altar of an unknown god.
  2283 | D:3      | Found a faded altar of an unknown god.
  2288 | D:3      | Found an ancient bone altar of Kikubaaqudgha.
  2328 | D:3      | Reached skill level 1 in Poison Magic
  2761 | D:3      | Noticed Grinder
  2773 | D:3      | Paralysed by Grinder for 2 turns
  2780 | D:3      | Paralysed by Grinder for 4 turns
  2787 | D:3      | Killed Grinder
  2788 | D:3      | Reached skill level 4 in Unarmed Combat
  2788 | D:3      | Reached XP level 5. HP: 40/45 MP: 5/9
  2788 | D:3      | Reached XP level 6. HP: 46/51 MP: 5/10
  3096 | D:4      | Found a staircase to the Ecumenical Temple.
  3107 | Temple   | Entered the Ecumenical Temple
  3282 | Temple   | Became a worshipper of Warmaster Okawaru
  3663 | D:4      | Reached skill level 1 in Invocations
  4151 | D:3      | Your scales start taking on a glossy black colour.
  4151 | D:3      | Reached XP level 7. HP: 36/53 MP: 5/11
  4151 | D:3      | Gained mutation: You are resistant to electric shocks.
                  | (rElec) [Black Draconian growth]
  4430 | D:4      | Reached skill level 5 in Unarmed Combat
  5055 | D:5      | Entered Level 5 of the Dungeon
  5070 | D:5      | HP: 2/56 [ice beast (11)]
  5075 | D:5      | Reached skill level 5 in Transmutations
  5576 | D:5      | Learned a level 4 spell: Ice Form
  5597 | D:5      | Reached * piety under Okawaru
  6051 | D:5      | Reached skill level 6 in Unarmed Combat
  6051 | D:5      | Reached XP level 8. HP: 60/67 MP: 7/12
  6855 | D:5      | Reached skill level 5 in Fighting
  6963 | D:5      | Found a hide-covered altar of Uskayaw.
  6987 | D:5      | Reached skill level 7 in Unarmed Combat
  7817 | D:6      | Reached skill level 8 in Unarmed Combat
  7817 | D:6      | Reached XP level 9. HP: 41/75 MP: 4/13
  8100 | D:6      | Found Gedieh's Book Boutique.
  8107 | D:6      | Reached ** piety under Okawaru
  8226 | D:6      | Found a burning altar of Makhleb.
  8229 | D:6      | Noticed a blizzard demon
  9284 | D:7      | Identified the +1 pair of gloves of the Cockroach {+Inv
                  | Dex-4 Slay+6}
  9353 | D:7      | Reached skill level 9 in Unarmed Combat
  9500 | D:7      | Found a runed translucent door.
  9501 | D:7      | Noticed Crazy Yiuf
  9539 | D:7      | Found a hazy altar of Hepliaklqana.
  9574 | D:7      | Found an opulent altar of Gozag.
  9645 | D:7      | Reached skill level 1 in Ice Magic
  9975 | D:7      | Found a snail-covered altar of Cheibriados.
 10087 | D:7      | Killed Crazy Yiuf
 10389 | D:8      | Found a sand-covered staircase.
 10398 | Ossuary  | Entered an ossuary
 10652 | Ossuary  | Reached XP level 10. HP: 86/86 MP: 12/14
 10690 | Ossuary  | Reached *** piety under Okawaru
 11034 | D:8      | Noticed a skeletal warrior
 11052 | D:8      | Killed a skeletal warrior
 11053 | D:8      | Reached skill level 10 in Unarmed Combat
 11329 | D:8      | Found Juxein's Assorted Antiques.
 11694 | D:8      | Found Deselac's Book Boutique.
 11697 | D:8      | Noticed a two-headed ogre
 11708 | D:8      | Killed a two-headed ogre
 11992 | D:9      | Noticed a two-headed ogre
 11997 | D:9      | Killed a two-headed ogre
 11997 | D:9      | Reached **** piety under Okawaru
 12266 | D:9      | Noticed a death yak
 12273 | D:9      | Killed a death yak
 12274 | D:9      | Reached skill level 5 in Dodging
 12274 | D:9      | Reached skill level 11 in Unarmed Combat
 12274 | D:9      | Reached XP level 11. HP: 74/97 MP: 6/15
 12283 | D:9      | Noticed a death yak
 12287 | D:9      | Killed a death yak
 12287 | D:9      | Reached ***** piety under Okawaru
 12289 | D:9      | Noticed a death yak
 12674 | D:9      | Found a staircase to the Lair.
 12785 | D:9      | Killed a death yak
 12988 | D:9      | Identified the +6 hand crossbow "Wibleot" {elec, rElec
                  | Will- Str+2 Dex+3} (Okawaru gifted it to you on level 9 of
                  | the Dungeon)
 12988 | D:9      | Received a gift from Okawaru
 13027 | D:9      | Noticed Prince Ribbit
 13038 | D:9      | Killed Prince Ribbit
 13436 | D:10     | Entered Level 10 of the Dungeon
 13493 | D:10     | Reached skill level 10 in Fighting
 14135 | D:10     | Found Wiuriavui's General Store.
 14147 | D:10     | Noticed a sun demon
 14152 | D:10     | Reached skill level 12 in Unarmed Combat
 14174 | D:10     | Noticed Snorg
 14190 | D:10     | HP: 2/101 [Snorg (8)]
 14191 | D:10     | Slain by Snorg

Illustrated notes

Levels and vault maps discovered:
D:1:      nicolae_arrival_washed_ashore, layout_basic, serial_shops,
          nicolae_shop_bloodbath_and_beyond, st_stairs_8,
          corexii_item_surrounded_by_moat, minmay_tall_x
D:2:      layout_loops_ring, ebering_ecumenical_altar_abandoned, kennysheep_nub,
          minmay_rat_hole
D:3:      minmay_skewed_foursquare, layout_basic,
          nicolae_overflow_ecumenical_swirl, uniq_grinder
D:4:      layout_loops_ring, minmay_temple_entry_glassed_door
D:5:      layout_basic, lemuel_doored_altar
D:6:      layout_basic, makhleb_altar_promises_db, serial_shops, shop
D:7:      layout_basic, slow_altar_2, mainiacjoe_overflow_catch_the_wave,
          kennysheep_pointless_box, uniq_crazy_yiuf_cottage
D:8:      layout_loops_corners, enter_ossuary_1, serial_shops,
          nicolae_shop_trees, small_chamber_with_monster,
          kennysheep_small_circle
D:9:      layout_roguey, dpeg_lair_monsters, uniq_prince_ribbit1
D:10:     layout_roguey, serial_shops, nicolae_shop_trees, st_stairs_4,
          roderic_serpentine_path, uniq_snorg
Temple:   eino_temple_scatter_basement

Skill      XL: |  1  2  3  4  5  6  7  8  9 10 11 |
---------------+----------------------------------+-----
Dodging        | 2 3 4 5 6 |  6.0
Fighting       | 2 3 4 5 7 9 10 | 10.4
Poison Magic   | 1 2 |  2.0
Unarmed Combat | 4 6 8 9 11 12 | 12.2
Transmutations | 3 4 5 7 |  7.0
Spellcasting   | 3 |  3.0
Invocations    | 1 3 |  3.5
Ice Magic      | 2 4 |  4.0

Action                   |  1- 3 |  4- 6 |  7- 9 | 10-12 || total
-------------------------+-------+-------+-------+-------++-------
Melee: Unarmed           |   170 |   186 |   339 |   270 ||   965
       Kick              |    23 |     5 |     6 |    10 ||    44
       Punch             |     4 |     2 |    12 |     8 ||    26
       Headbutt          |    14 |     6 |     7 |     5 ||    32
       Tailslap          |    16 |    22 |    25 |    18 ||    81
 Cast: Beastly Appendage |    17 |     6 |     4 |     2 ||    29
       Spider Form       |       |     6 |    20 |       ||    26
       Ice Form          |       |       |       |    12 ||    12
       Wereblood         |       |       |       |     1 ||     1
Invok: Heroism           |       |       |     9 |     9 ||    18
 Abil: Breathe Lightning |       |       |     4 |       ||     4
       End Transformatio |       |       |     2 |       ||     2
  Use: Scroll            |       |     4 |    11 |     6 ||    21
       Potion            |       |     1 |     3 |     2 ||     6
 Stab: Sleeping          |     1 |     3 |       |       ||     4
Armor: Skin              |    69 |    45 |    69 |    85 ||   268
Dodge: Dodged            |   126 |   115 |   212 |   137 ||   590
